 Dungeon Crawl Stone Soup version 0.25-a0-578-gc91f01c (webtiles) character file.

Game seed: 16407073875429776900, levelgen mode: deterministic

1771 15 the Reanimator (level 8, 58/58 HPs)
             Began as a Demonspawn Necromancer on Mar 3, 2020.
             Quit the game on level 5 of the Dungeon.
             The game lasted 00:24:49 (5205 turns).

15 the Reanimator (Demonspawn Necromancer)          Turns: 5205, Time: 00:24:50

Health: 58/58      AC:  7    Str: 11    XL:     8   Next: 80%
Magic:  17/17      EV: 13    Int: 16    God:
Gold:   223        SH:  0    Dex: 14    Spells: 5/19 levels left

rFire    . . .     SeeInvis .   g - +4 flail (vorpal)
rCold    . . .     Gourm    +   (no shield)
rNeg     . . .     Faith    .   a - +0 robe
rPois    .         Spirit   +   (no helmet)
rElec    .         Reflect  .   e - +0 cloak
rCorr    .         Harm     .   (no gloves)
MR       +....                  j - +0 pair of boots (curse)
Stlth    ++........             t - amulet of the gourmand
HPRegen  0.19/turn              u - ring of protection from magic
MPRegen  0.30/turn              B - ring of flight

@: no status effects
A: talons 1, thin metallic scales 2, magic shield, magic regeneration
a: Evoke Flight


You were on level 5 of the Dungeon.
You were completely stuffed.

You visited 1 branch of the dungeon, and saw 5 of its levels.

You collected 223 gold pieces.

Inventory:

Hand Weapons
 b - a +0 dagger
 g - a +4 vorpal flail (weapon)
 p - a +0 whip of flaming
Armour
 a - a +0 robe (worn)
 e - a +0 cloak (worn)
 j - a cursed +0 pair of boots (worn)
Jewellery
 t - an amulet of the gourmand (around neck)
 u - a ring of protection from magic (left hand)
 B - a ring of flight (right hand)
Wands
 i - a wand of flame (19)
Scrolls
 d - a scroll of fog {unknown}
 h - 5 scrolls of teleportation
 n - a scroll of blinking {unknown}
 o - a scroll of enchant armour {unknown}
 q - a scroll of magic mapping {unknown}
 r - a scroll of noise {unknown}
 v - a scroll of fear {unknown}
 w - a scroll of identify
 y - a scroll of enchant weapon {unknown}
 A - a scroll of immolation {unknown}
Potions
 f - a potion of might {unknown}
 k - a potion of brilliance {unknown}
 l - a potion of curing
 m - a potion of degeneration
 x - a potion of ambrosia
 z - a potion of haste {unknown}
Comestibles
 c - 6 rations
 s - a chunk of flesh


   Skills:
 * Level 3.5 Fighting
 + Level 1.2 Short Blades
 + Level 1.3 Maces & Flails
 * Level 2.7 Armour
 * Level 3.4 Dodging
 + Level 2.5 Stealth
 * Level 6.3 Spellcasting
 * Level 8.1 Necromancy


You had 5 spell levels left.
You knew the following spells:

 Your Spells              Type           Power        Failure   Level  Hunger
a - Pain                  Necr           ####         1%          1    None
b - Animate Skeleton      Necr           N/A          1%          1    None
c - Vampiric Draining     Necr           ####......   1%          3    ##.....
d - Animate Dead          Necr           N/A          4%          4    ####...
e - Agony                 Necr           ####....     13%         5    #####..

Your spell library contained the following spells:

 Spells                   Type           Power        Failure   Level  Hunger


Dungeon Overview and Level Annotations

Branches:
Dungeon (5/15)             Temple (0/1) D:4

Altars:
Qazlal
The Shining One


Innate Abilities, Weirdness & Mutations

You have sharp toenails.
You are mostly covered in thin metallic scales. (AC +3)
When hurt, damage is shared between your health and your magic reserves.
You regenerate magic rapidly.


Message History

The freed slave hits the crimson imp!
You hit the crimson imp.
The crimson imp is almost dead.
The crimson imp misses you.
You barely miss the crimson imp.
The crimson imp is severely wounded.
The crimson imp closely misses you.
You hit the crimson imp.
You kill the crimson imp!
No target in view!
No target in view!
Found 17 stones.
You swap places.
There is an open door here.
There is a glowing golden altar of the Shining One here.
You kneel at the altar of the Shining One.
The Shining One does not accept worship from those such as you!
Unknown command.
Press < or > to pray at altars.
Are you sure you want to abandon this character and quit the game? (Confirm with "yes".)

######### #.......#
#.(.....# #..#'#..#
#..'@'..##
#.p#'#...#
#........# ..
#........# .... ...
#........# .... ...
#........####'#####
....
#.................#
....
#.................#
....
#.................#


You could see a neutral freed slave (wandering).

Vanquished Creatures
  Pikel (D:4)
  Eustachio (D:4)
  Edmund (D:4)
  3 slaves (D:4)
  2 ogres
  A gnoll sergeant (D:5)
  A bullfrog (D:4)
  A crimson imp (D:5)
  2 hounds (D:4)
  An orc priest (D:4)
  3 orc wizards
  Natasha (D:4)
  An iguana (D:4)
  2 worker ants
  6 adders
  4 gnolls
  3 dart slugs
  2 leopard geckos
  13 orcs
  3 giant cockroaches
  7 goblins
  8 hobgoblins
  3 jackals (D:3)
  5 kobolds
  A quokka (D:4)
  2 ball pythons (D:2)
  5 bats
  4 frilled lizards
  A jackal skeleton (D:5)
  4 rats
92 creatures vanquished.

Vanquished Creatures (collateral kills)
  2 ogres (D:5)
  Natasha (twice) (D:4)
  3 worker ants (D:4)
  3 gnolls
  An adder (D:2)
  2 adder skeletons
  A leopard gecko (D:2)
  An orc (D:2)
  2 bats (D:1)
  3 hobgoblins (D:2)
  A jackal (D:3)
  A quokka (D:3)
  2 frilled lizards
  A kobold (D:2)
  A rat (D:1)
26 creatures vanquished.

Vanquished Creatures (others)
  A howler monkey (D:5)
  A worm (D:5)
  An adder skeleton (D:5)
3 creatures vanquished.

Grand Total: 121 creatures vanquished

Notes
Turn   | Place    | Note
-------+----------+-------------------------------------------
     0 | D:1      | 15 the Demonspawn Necromancer began the quest for the Orb.
     0 | D:1      | Reached XP level 1. HP: 13/13 MP: 3/3
     2 | D:1      | Learned a level 1 spell: Animate Skeleton
   193 | D:1      | Gained mutation: You are partially covered in thin metallic
                  | scales. (AC +2) [demonic ancestry]
   193 | D:1      | Reached XP level 2. HP: 16/20 MP: 0/5
   932 | D:2      | Reached skill level 5 in Necromancy
   936 | D:2      | Gained mutation: When hurt, damage is shared between your
                  | health and your magic reserves. [demonic ancestry]
   936 | D:2      | Reached XP level 3. HP: 18/25 MP: 2/6
   938 | D:2      | Reached skill level 1 in Fighting
   958 | D:2      | Learned a level 3 spell: Vampiric Draining
  1112 | D:2      | Found a faded altar of an unknown god.
  1346 | D:2      | Gained mutation: You have sharp toenails. [demonic
                  | ancestry]
  1346 | D:2      | Reached XP level 4. HP: 27/32 MP: 4/8
  1398 | D:2      | Noticed a centaur
  1590 | D:3      | Learned a level 4 spell: Animate Dead
  1826 | D:3      | Found a stormy altar of Qazlal.
  2198 | D:4      | Reached skill level 1 in Armour
  2198 | D:4      | Gained mutation: You are mostly covered in thin metallic
                  | scales. (AC +3) [demonic ancestry]
  2198 | D:4      | Reached XP level 5. HP: 34/37 MP: 4/9
  2784 | D:4      | Noticed an ogre
  2808 | D:4      | Killed an ogre
  2808 | D:4      | Gained mutation: You regenerate magic rapidly. [demonic
                  | ancestry]
  2808 | D:4      | Reached XP level 6. HP: 23/44 MP: 6/11
  2924 | D:4      | Noticed Natasha
  2935 | D:4      | Killed Natasha
  2935 | D:4      | Reached skill level 6 in Necromancy
  2971 | D:4      | Reached skill level 1 in Short Blades
  3408 | D:4      | Noticed Edmund
  3432 | D:4      | Killed Edmund
  3439 | D:4      | Found a staircase to the Ecumenical Temple.
  3488 | D:4      | Reached XP level 7. HP: 44/50 MP: 5/13
  3665 | D:4      | Noticed Eustachio
  3672 | D:4      | Learned a level 5 spell: Agony
  3678 | D:4      | Killed Eustachio
  3815 | D:4      | Noticed Natasha
  3824 | D:4      | Killed Natasha
  3844 | D:4      | Reached skill level 5 in Spellcasting
  3900 | D:4      | Noticed Pikel
  3946 | D:5      | Entered Level 5 of the Dungeon
  4133 | D:5      | Reached skill level 7 in Necromancy
  4219 | D:5      | Reached XP level 8. HP: 45/57 MP: 4/15
  4423 | D:4      | Noticed Natasha
  4427 | D:4      | Killed Natasha
  4716 | D:4      | Killed Pikel
  4879 | D:5      | Reached skill level 1 in Maces & Flails
  4879 | D:5      | Reached skill level 8 in Necromancy
  5184 | D:5      | Found a glowing golden altar of the Shining One.
  5205 | D:5      | Quit the game

Levels and vault maps discovered:
D:1:      dpeg_arrival_three_same_balls, layout_loops_ring
D:2:      minmay_skewed_foursquare, layout_basic,
          chequers_ecumenical_altar_island, first_ration,
          minmay_misc_feat_nine_boxes
D:3:      layout_rooms, nicolae_qazlal_general_emergency
D:4:      layout_gridville, minmay_temple_entry_butterflies, uniq_natasha,
          uniq_pikel, uniq_edmund, uniq_eustachio
D:5:      layout_gridville, kennysheep_mini_moat, lightli_minifort

Skill      XL: |  1  2  3  4  5  6  7  8 |
---------------+-------------------------+-----
Necromancy     | 5 6 7 8 |  8.1
Fighting       | 1 2 3 |  3.5
Spellcasting   | 3 4 5 6 |  6.3
Dodging        | 2 3 |  3.4
Stealth        | 2 |  2.5
Armour         | 1 2 |  2.7
Short Blades   | 1 |  1.2
Maces & Flails | 1 |  1.3

Action                   |  1- 3 |  4- 6 |  7- 9 || total
-------------------------+-------+-------+-------++-------
Melee: Dagger            |    56 |   106 |    41 ||   203
       Kick              |       |    15 |       ||    15
       Flail             |       |       |    49 ||    49
 Cast: Pain              |    50 |    68 |    74 ||   192
       Animate Skeleton  |    20 |     7 |    11 ||    38
       Vampiric Draining |     2 |     6 |    16 ||    24
       Agony             |       |       |     6 ||     6
       Animate Dead      |       |       |     3 ||     3
  Use: Scroll            |     1 |     3 |     1 ||     5
       Potion            |       |     3 |     3 ||     6
 Stab: Sleeping          |       |     3 |       ||     3
  Eat: Chunk             |     2 |    18 |    14 ||    34
Armor: Robe              |    29 |    26 |    46 ||   101
       Skin              |       |     2 |     3 ||     5
Dodge: Dodged            |    49 |    61 |   104 ||   214

Table legend:
 A = Non-vault XP
 B = Vault XP
 C = Vault XP percentage of total XP
 D = Non-vault monster count
 E = Vault monster count
 F = Vault count percentage of total count
                 A         B        C        D         E       F
            +---------+---------+-------+---------+---------+-------
      Total |    1321 |    1209 |  47.8 |     104 |      12 |  10.3
            +---------+---------+-------+---------+---------+-------
        D:1 |      26 |       0 |   0.0 |      17 |       0 |   0.0
        D:2 |      67 |       6 |   8.2 |      24 |       3 |  11.1
        D:3 |      85 |       0 |   0.0 |      23 |       0 |   0.0
        D:4 |     666 |    1070 |  61.6 |      27 |       4 |  12.9
        D:5 |     477 |     133 |  21.8 |      13 |       5 |  27.8
            +---------+---------+-------+---------+---------+-------
